 Dungeon Sprint DCSS version 0.30.1-9-gdf580d7c3d (webtiles) character file.

Game seed: 13504110945112282003

654 Heoruswealwe the Spear-Bearer (level 7, -11/72 HPs)
             Began as a Minotaur Fighter on Oct 19, 2023.
             Was an Initiate of Gozag.
             Mangled by an orc warrior
             ... wielding a +0 scimitar
              (14 damage)
             ... in the Dungeon (Sprint IX: "|||||||||||||||||||||||||||||").
             The game lasted 00:02:26 (145 turns).

Heoruswealwe the Spear-Bearer (Minotaur Fighter)     Turns: 145, Time: 00:02:26

Health: -11/72     AC:  8    Str: 22    XL:     7   Next: 29%
Magic:  6/6        EV:  9    Int:  5    God:    Gozag
Gold:   0          SH:  4    Dex: 10    Spells: 6/6 levels left

rFire   . . .        a - +0 trident
rCold   . . .        d - +0 buckler
rNeg    . . .        c - +0 scale mail
rPois   .            (helmet restricted)
rElec   .            (no cloak)
rCorr   .            (no gloves)
SInv    .            (no boots)
Will    .....        (no amulet) Stlth
                     (no ring)
HPRegen 0.32/turn    (no ring)
MPRegen 0.10/turn

%: no teleportation
@: gold aura
A: horns 2, retaliatory headbutt
a: Renounce Religion, Potion Petition, Call Merchant, Bribe Branch


You were in the Dungeon.
You worshipped Gozag.
Gozag was noncommittal.
You visited 1 branch

Inventory:

Hand Weapons
 a - a +0 trident (weapon)
Armour
 c - a +0 scale mail (worn)
 d - a +0 buckler (worn)
Jewellery
 k - a +2 ring of protection
 l - a +2 ring of protection
Wands
 h - a wand of acid (10)
Scrolls
 j - 2 scrolls of blinking
Potions
 b - a potion of might
 e - 5 potions of curing
 f - 2 potions of heal wounds
 g - a potion of haste
 i - a potion of berserk rage


   Skills:
 + Level 10.2 Fighting
 * Level 13.5 Polearms
 + Level 10.2 Armour
 - Level 3.6 Shields


You had 6 spell levels left.
You didn't know any spells.
Your spell library was empty.

Dungeon Overview and Level Annotations

Branches:
Dungeon (1/1)

Altars:
Cheibriados
Dithmenos
Elyvilon
Fedhas
Gozag
Hepliaklqana
Kikubaaqudgha
Makhleb
Nemelex Xobeh
Okawaru
Qazlal
Ru
Sif Muna
Trog
Uskayaw
Vehumet
Wu Jian
Xom
Yredelemnul
Zin
The Shining One
Jiyva
Lugonu


Innate Abilities, Weirdness & Mutations

You have a pair of horns on your head.
You reflexively headbutt those who attack you in melee.


Message History

The orc warrior is heavily wounded.
You hit the orc warrior. Your headbutt misses the orc warrior.
The orc warrior is severely wounded.
The orc warrior hits you with a +2 mace of holy wrath.
* * * LOW HITPOINT WARNING * * *
You barely miss the orc warrior.
The orc warrior is severely wounded.
The orc warrior barely misses you.
You hit the orc warrior but do no damage.
The orc warrior is severely wounded.
You hit the orc warrior but do no damage.
The orc warrior is severely wounded.
The orc warrior closely misses you.
You puncture the orc warrior! Your headbutt misses the orc warrior.
The orc warrior is almost dead.
The orc warrior hits you with a +2 mace of holy wrath.
* * * LOW HITPOINT WARNING * * *
You hit the orc warrior.
The orc warrior is almost dead.
The orc warrior hits you with a +2 mace of holy wrath!
* * * LOW HITPOINT WARNING * * *
You puncture the orc warrior!
You kill the orc warrior!
Your Fighting skill increases to level 10!
Your Armour skill increases to level 10!
Reach: a) +0 trident
Press: ? - help, Dir - move target, f - orc warrior
Aim: an orc warrior, wielding a +0 scimitar and wearing a +0 plate armour (about 33% to evade your +0 trident)
You reach to attack!
You hit the orc warrior.
The orc warrior is lightly wounded.
You hit the orc warrior but do no damage.
The orc warrior is lightly wounded.
The orc warrior completely misses you.
You puncture the orc warrior!
The orc warrior is moderately wounded.
You hit the orc warrior but do no damage.
The orc warrior is moderately wounded.
The orc warrior hits you with a +0 scimitar!
You die...
Your body crumbles into a pile of gold.

▓!▓
$
▓?▓
$
▓)▓
$
▓.▓
$
▓[▓
▓[▓
$
▓[▓
▓.▓
$
▓@▓
$
▓o▓
$
▓.▓
$
▓.▓
$
▓.▓
$
▓.▓
$ $
▓.▓
$
▓.▓
$


You could see an orc warrior.

Vanquished Creatures
  A wraith (D)
  A yak (D)
  2 orc warriors (D)
  A killer bee (D)
  A jelly (D)
  2 hounds (D)
  A gnoll bouda (D)
  An orc (D)
  2 endoplasms (D)
  A hobgoblin (D)
  A quokka (D)
  A bat (D)
15 creatures vanquished.

Notes
Turn   | Place    | Note
-------+----------+-------------------------------------------
     0 | D        | Heoruswealwe the Minotaur Fighter began the quest for the
                  | Orb.
     0 | D        | Reached XP level 1. HP: 19/19 MP: 0/0
    11 | D        | Reached skill level 3 in Polearms
    28 | D        | Noticed a gnoll bouda
    28 | D        | Noticed a hound
    28 | D        | Noticed a jelly
    28 | D        | Noticed a hound
    34 | D        | Killed a gnoll bouda
    35 | D        | Reached skill level 5 in Fighting
    35 | D        | Reached skill level 5 in Polearms
    35 | D        | Reached skill level 5 in Armour
    35 | D        | Reached XP level 2. HP: 23/29 MP: 1/1
    35 | D        | Reached XP level 3. HP: 28/36 MP: 2/2
    46 | D        | Reached skill level 7 in Polearms
    51 | D        | Reached XP level 4. HP: 28/45 MP: 3/3
    55 | D        | Reached skill level 8 in Polearms
    61 | D        | Found a snail-covered altar of Cheibriados.
    61 | D        | Found a shadowy altar of Dithmenos.
    61 | D        | Found a white marble altar of Elyvilon.
    61 | D        | Found a blossoming altar of Fedhas.
    61 | D        | Found an opulent altar of Gozag.
    62 | D        | Found a hazy altar of Hepliaklqana.
    63 | D        | Found a viscous altar of Jiyva.
    64 | D        | Found an ancient bone altar of Kikubaaqudgha.
    65 | D        | Found a corrupted altar of Lugonu.
    66 | D        | Found a burning altar of Makhleb.
    67 | D        | Found a sparkling altar of Nemelex Xobeh.
    68 | D        | Found an iron altar of Okawaru.
    69 | D        | Became a worshipper of Gozag Ym Sagoz the Greedy
    70 | D        | Found a stormy altar of Qazlal.
    71 | D        | Found a sacrificial altar of Ru.
    72 | D        | Found a shimmering blue altar of Sif Muna.
    73 | D        | Found a bloodstained altar of Trog.
    74 | D        | Found a hide-covered altar of Uskayaw.
    75 | D        | Found a radiant altar of Vehumet.
    76 | D        | Found an ornate altar of the Wu Jian Council.
    77 | D        | Found a shimmering altar of Xom.
    78 | D        | Found a basalt altar of Yredelemnul.
    79 | D        | Found a glowing silver altar of Zin.
    80 | D        | Found a glowing golden altar of the Shining One.
   104 | D        | Noticed a wraith
   104 | D        | Noticed an orc warrior
   104 | D        | Noticed a yak
   104 | D        | Noticed an orc warrior
   104 | D        | Noticed an orc warrior
   112 | D        | Killed a wraith
   113 | D        | Reached skill level 10 in Polearms
   113 | D        | Reached XP level 5. HP: 37/55 MP: 4/4
   113 | D        | Reached XP level 6. HP: 42/62 MP: 5/5
   118 | D        | Killed an orc warrior
   119 | D        | Reached skill level 11 in Polearms
   124 | D        | Reached skill level 12 in Polearms
   129 | D        | Killed a yak
   130 | D        | Reached skill level 13 in Polearms
   130 | D        | Reached XP level 7. HP: 21/71 MP: 6/6
   140 | D        | HP: 2/71 [orc warrior/+2 mace of holy wrath (8)]
   142 | D        | Reached skill level 10 in Fighting
   142 | D        | Reached skill level 10 in Armour
   145 | D        | Mangled by an orc warrior

Illustrated notes

Levels and vault maps discovered:
D:        linesprint [early_d, line_temple, items_1, d_10, items_2, lair_1,
          lair_end, items_3, orc_1, orc_end, items_4, d_15, swamp_1, shoals_1,
          snake_1, spider_1, d_20, vaults_1, items_5, swamp_end, shoals_end,
          snake_end, spider_end, vaults_end, d_27, items_6, zot_1, zot_end,
          crypt_end, forest_end, elf_end, slime_end, tomb_end, abyss_end,
          pan_hell_end]

Skill      XL: |  1  2  3  4  5  6  7 |
---------------+----------------------+-----
Polearms       | 5 7 10 13 | 13.5
Fighting       | 5 6 8 9 10 | 10.2
Armour         | 5 6 8 9 10 | 10.2
Shields        | |  3.6

Action                     |  1- 3 |  4- 6 |  7- 9 || total
---------------------------+-------+-------+-------++-------
  Melee: Trident           |    37 |    29 |    16 ||    82
         Headbutt          |     8 |     6 |       ||    14
    Use: Potion            |     1 |       |       ||     1
 Armour: Scale mail        |    13 |     5 |     1 ||    19
  Dodge: Dodged            |    15 |     8 |     4 ||    27
  Block: Buckler           |     8 |     3 |       ||    11
